Login

Warheads vs Riots

Created - April 28, 2024 at 11:45

Goals
1 2 3 T
Warheads 1 0 0 1
Riots 0 2 2 4
Shots
1 2 3 T
Warheads 14 11 7 32
Riots 8 15 16 39

GoalsPenalties
1st period
1. Warheads , Robert Thomas 22 (Lucas Raymond 21, Lawson Crouse 18) at 7:20
Max Pacioretty (RIV) for Holding (Minor) at 1:50
Max Pacioretty (RIV) for Holding (Minor) at 13:50
Jeremy Lauzon (WAR) for Interference (Minor) at 15:55
2nd period
2. Riots , Cole Caufield 22 (Velyki Hospador 51, Brandon Hagel 19) at 0:42
3. Riots , Anders Lee 18 (Artturi Lehkonen 28, Kirby Dach 14) at 5:35
Velyki Hospador (RIV) for Charging (Minor) at 5:37
Cam Fowler (WAR) for Roughing (Minor) at 9:16
Cam Fowler (WAR) for Slashing (Minor) at 12:22
Arber Xhekaj (RIV) for Roughing (Minor) at 15:50
3rd period
4. Riots , Velyki Hospador 43 (Artturi Lehkonen 29, Jakob Chychrun 22) at 7:32 (PP)
5. Riots , Rasmus Ristolainen 1 (Noah Dobson 21) at 9:31 (PP)
Jeremy Lauzon (WAR) for Holding (Minor) at 0:39
Brayden McNabb (RIV) for Tripping (Minor) at 3:07
Andrew Copp (WAR) for Hooking (Minor) at 6:14
Jeff Carter (WAR) for Hooking (Minor) at 7:59
Jean-Gabriel Pageau (RIV) for Hooking (Minor) at 14:38
Goalie Stats
Logan Thompson (WAR), 35 saves from 39 shots - (0.897), L, 30-35-7, 60:00 minutes
Marc-Andre Fleury (RIV), 31 saves from 32 shots - (0.969), W, 38-20-8, 60:00 minutes
3 StarsOfficial
1 - Marc-Andre Fleury (RIV)
2 - Rasmus Ristolainen (RIV)
3 - Velyki Hospador (RIV)
Referees : Unknown
Linesman : Unknown
Game Note
No Game Note
Finance
Level 1 -- Attendance: 4924 (82.07%) -- Ticket Income $492,400
Level 2 -- Attendance: 3888 (77.76%) -- Ticket Income $233,280
Level 3 -- Attendance: 1404 (70.20%) -- Ticket Income $49,140
Level 4 -- Attendance: 2749 (68.73%) -- Ticket Income $68,725
Luxury Box -- Attendance: 1000 (100.00%) -- Ticket Income $200,000
Game was played at the The Breadbasket.
Total Attendance: 13965 (77.58%)
Total Ticket Income: $1,043,545
Other Income: $417,418
Total Income: $1,460,963



Team Name Goals Shots Shots Attemp Shots Blocked PIM HIT PP PK FO%
Warheads 132611712130 / 6 (0%)245%
Riots 439871012192 / 6 (33%)055%

Warheads
Player Name POS G A P +/- PIM HIT SHT SB MP PP MP PP SHT PK MP PK SHT FO% FOT
Andrew CoppC/LW/RW000020107:110:1300:560100% 1
Brock KnuckledunkerC/LW000-1031014:201:1101:440100% 1
Cam FowlerD000-1404220:037:4922:0600% 0
Damon SeversonD0000001216:354:1503:4600% 0
Jack McBainC/LW0000002122:256:1008:0610% 2
Jake WalmanD000-1002115:020:2010:3800% 0
Jeff CarterC/RW000020006:020:0000:00078% 9
Jeremy LauzonD000-1411324:265:3901:4800% 0
John MarinoD0000012128:435:4527:4800% 0
Jordan GreenwayLW/RW000000001:080:0000:0000% 0
Lawson CrouseLW/RW0110021016:404:5700:00033% 3
Lucas RaymondRW0110027016:404:5750:0000% 1
Lukas ReichelLW/RW000-1000111:250:0000:0000% 0
Mitchell MarnerRW0000014327:387:0217:32021% 14
Nicolas RoyC/LW/RW000-1000015:163:5100:00040% 15
Radek FaksaC/LW000000008:090:0000:00050% 10
Robert ThomasC/RW1010005022:187:2133:14050% 32
Timothy LiljegrenD0001031315:070:0005:2600% 0
Riots
Player Name POS G A P +/- PIM HIT SHT SB MP PP MP PP SHT PK MP PK SHT FO% FOT
Anders LeeLW1010014017:195:4110:0000% 4
Andreas AthanasiouC/LW/RW0000001012:520:0000:0000% 1
Arber XhekajD000022005:560:2900:0000% 0
Artturi LehkonenLW/RW0220000023:324:3607:1800% 4
Brandon HagelLW0111017219:025:0534:520100% 1
Brayden McNabbD0000221215:270:0004:5400% 0
Brendan GallagherRW000001003:450:0000:0000% 0
Cole CaufieldRW1011002014:465:4110:0000% 0
Derek ForbortD0000010015:570:0006:1200% 0
Jakob ChychrunD0111015018:166:1940:2400% 0
Jean-Gabriel PageauC0000212120:422:2705:24072% 29
Kirby DachC0110001014:111:0501:28038% 13
Lars EllerC/LW000001103:450:0000:00033% 3
Max PaciorettyLW0000401012:500:0000:0000% 0
Noah DobsonD0110011015:414:2700:4000% 0
Rasmus RistolainenD1011043221:564:2725:5600% 0
Seth JonesD0000004126:455:5025:4200% 0
Velyki HospadorC/LW1121236225:187:4324:46061% 33

Warheads

5 vs 5 Forward
Line #Left WingCenterRight WingPHYDFOFWanted %Time %Time Play
1Jack McBainRadek FaksaMitchell Marner1223022%8:09
2Lawson CrouseRobert ThomasLucas Raymond1222831%11:43
3Brock KnuckledunkerNicolas RoyLukas Reichel1222631%11:25
4Andrew CoppJeff CarterMitchell Marner1221616%6:03
5 vs 5 Defense
Line #DefenseDefensePHYDFOFWanted %Time %Time Play
1Jeremy LauzonJake Walman1223038%14:04
2John MarinoCam Fowler1222822%8:11
3John MarinoTimothy Liljegren1222623%8:42
4Damon SeversonJeremy Lauzon1221617%6:23
Power Play Forward
Line #Left WingCenterRight WingPHYDFOFWanted %Time %Time Play
1Jack McBainRobert ThomasMitchell Marner1225557%6:44
2Lawson CrouseRobert ThomasLucas Raymond1224543%5:10
Power Play Defense
Line #DefenseDefensePHYDFOFWanted %Time %Time Play
1Jeremy LauzonJohn Marino1225552%6:08
2John MarinoCam Fowler1224548%5:46
Penalty Kill 4 Players Forward
Line #CenterWingPHYDFOFWanted %Time %Time Play
1Mitchell MarnerJack McBain1225570%7:32
2Robert ThomasJack McBain1224530%3:14
Penalty Kill 4 Players Defense
Line #DefenseDefensePHYDFOFWanted %Time %Time Play
1Jeremy LauzonJohn Marino1225551%5:29
2John MarinoCam Fowler1224549%5:17
Penalty Kill 3 Players
Line #WingPHYDFOFWanted %Time %Time PlayDefenseDefensePHYDFOFWanted %Time %Time Play
1Mitchell Marner122550%0:00 Jeremy LauzonJohn Marino122550%0:00
2Mitchell Marner122450%0:00 John MarinoCam Fowler122450%0:00
4 vs 4 Forward
Line #CenterWingPHYDFOFWanted %Time %Time Play
1Mitchell MarnerJack McBain122550%0:00
2Robert ThomasJack McBain122450%0:00
4 vs 4 Defense
Line #DefensePHYDFOFWanted %Time %Time Play
1Jeremy LauzonCam Fowler122550%0:00
2John MarinoCam Fowler122450%0:00
Last Minutes Offensive
Left WingCenterRight WingDefenseDefense
Jack McBainRadek FaksaMitchell MarnerJeremy LauzonJake Walman
Last Minutes Defensive
Left WingCenterRight WingDefenseDefense
Jack McBainRadek FaksaMitchell MarnerJeremy LauzonJake Walman
Time
Total ForwardTotal DefenseLast Minutes OffensiveLast Minutes Defensive
60:00 60:00 0:000:00
Extra Forwards
Normal PowerPlayPenalty Kill
Mitchell Marner, Nicolas Roy, Jack McBainMitchell Marner, Nicolas RoyMitchell Marner
Extra Defensemen
Normal PowerPlayPenalty Kill
Jeremy Lauzon, Timothy Liljegren, Damon SeversonJeremy Lauzon, Timothy LiljegrenDamon Severson
Penalty Shots
Mitchell Marner, Nicolas Roy, Robert Thomas, Jack McBain, Lucas Raymond
Goalie
Logan Thompson, Adin Hill
Custom OT Lines Forwards
Mitchell Marner, Radek Faksa, Robert Thomas, Jack McBain, Lucas Raymond, Lawson Crouse, Brock Knuckledunker, Nicolas Roy, Lukas Reichel, Jeff Carter
Custom OT Lines Defensemen
Jeremy Lauzon, Jake Walman, John Marino, Cam Fowler, Timothy Liljegren
Scratches
Ilya Mikheyev (Healthy), Jacob Middleton (Healthy)

Riots

5 vs 5 Forward
Line #Left WingCenterRight WingPHYDFOFWanted %Time %Time Play
1Brandon HagelVelyki HospadorCole Caufield1223024%9:05
2Anders LeeKirby DachArtturi Lehkonen1222831%11:38
3Max PaciorettyJean-Gabriel PageauAndreas Athanasiou1222634%12:52
4Velyki HospadorLars EllerBrendan Gallagher1221610%3:45
5 vs 5 Defense
Line #DefenseDefensePHYDFOFWanted %Time %Time Play
1Derek ForbortSeth Jones1223026%9:45
2Rasmus RistolainenJakob Chychrun1222831%11:33
3Brayden McNabbNoah Dobson1222628%10:34
4Arber XhekajSeth Jones1221615%5:28
Power Play Forward
Line #Left WingCenterRight WingPHYDFOFWanted %Time %Time Play
1Anders LeeVelyki HospadorCole Caufield1225553%5:41
2Brandon HagelVelyki HospadorArtturi Lehkonen1224547%5:05
Power Play Defense
Line #DefenseDefensePHYDFOFWanted %Time %Time Play
1Seth JonesJakob Chychrun1225559%6:19
2Noah DobsonRasmus Ristolainen1224541%4:27
Penalty Kill 4 Players Forward
Line #CenterWingPHYDFOFWanted %Time %Time Play
1Jean-Gabriel PageauArtturi Lehkonen1225566%7:53
2Velyki HospadorBrandon Hagel1224534%4:01
Penalty Kill 4 Players Defense
Line #DefenseDefensePHYDFOFWanted %Time %Time Play
1Derek ForbortBrayden McNabb1225552%6:12
2Seth JonesRasmus Ristolainen1224548%5:42
Penalty Kill 3 Players
Line #WingPHYDFOFWanted %Time %Time PlayDefenseDefensePHYDFOFWanted %Time %Time Play
1Jean-Gabriel Pageau122550%0:00 Derek ForbortBrayden McNabb122550%0:00
2Lars Eller122450%0:00 Seth JonesJakob Chychrun122450%0:00
4 vs 4 Forward
Line #CenterWingPHYDFOFWanted %Time %Time Play
1Velyki HospadorArtturi Lehkonen122550%0:00
2Cole CaufieldBrandon Hagel122450%0:00
4 vs 4 Defense
Line #DefensePHYDFOFWanted %Time %Time Play
1Jakob ChychrunNoah Dobson122550%0:00
2Seth JonesRasmus Ristolainen122450%0:00
Last Minutes Offensive
Left WingCenterRight WingDefenseDefense
Artturi LehkonenVelyki HospadorCole CaufieldSeth JonesJakob Chychrun
Last Minutes Defensive
Left WingCenterRight WingDefenseDefense
Brandon HagelJean-Gabriel PageauAndreas AthanasiouDerek ForbortRasmus Ristolainen
Time
Total ForwardTotal DefenseLast Minutes OffensiveLast Minutes Defensive
60:00 60:00 0:000:00
Extra Forwards
Normal PowerPlayPenalty Kill
Jean-Gabriel Pageau, Anders Lee, Max PaciorettyJean-Gabriel Pageau, Artturi LehkonenArtturi Lehkonen
Extra Defensemen
Normal PowerPlayPenalty Kill
Arber Xhekaj, Noah Dobson, Brayden McNabbArber Xhekaj, Noah DobsonJakob Chychrun
Penalty Shots
Velyki Hospador, Artturi Lehkonen, Cole Caufield, Brandon Hagel, Jean-Gabriel Pageau
Goalie
Marc-Andre Fleury, Kevin Lankinen
Custom OT Lines Forwards
Velyki Hospador, Artturi Lehkonen, Cole Caufield, Brandon Hagel, Anders Lee, Jean-Gabriel Pageau, Max Pacioretty, Andreas Athanasiou, Brendan Gallagher, Lars Eller
Custom OT Lines Defensemen
Derek Forbort, Rasmus Ristolainen, Seth Jones, Jakob Chychrun, Brayden McNabb
Scratches
Rasmus Kupari (Healthy), Jakob Silfverberg (Healthy), Kyle Capobianco (Healthy)


Play-by-Play

1st period


0:01 of 1st period - Velyki Hospador wins face-off versus Radek Faksa in neutral zone.
0:21 of 1st period - Velyki Hospador is hit by Jeremy Lauzon and loses puck.
1:02 of 1st period - John Marino is hit by Anders Lee.
1:06 of 1st period - Rasmus Ristolainen is hit by Lawson Crouse and loses puck.
1:35 of 1st period - Shot by Anders Lee.
1:35 of 1st period - Shot Misses the Net.
1:46 of 1st period - Icing by John Marino.
1:47 of 1st period - Robert Thomas wins face-off versus Jean-Gabriel Pageau in Warheads zone.
1:50 of 1st period - Minor Penalty to Max Pacioretty for Holding.
1:51 of 1st period - Jean-Gabriel Pageau wins face-off versus Nicolas Roy in Riots zone.
2:12 of 1st period - Shot by Damon Severson.
2:12 of 1st period - Shot Blocked by Brandon Hagel.
2:14 of 1st period - Shot by Jack McBain.
2:14 of 1st period - Shot Blocked by Velyki Hospador.
2:16 of 1st period - Shot by Jack McBain.
2:16 of 1st period - Shot Misses the Net.
2:18 of 1st period - Shot by Mitchell Marner.
2:18 of 1st period - Shot Misses the Net.
2:20 of 1st period - Shot by Mitchell Marner.
2:20 of 1st period - Stopped by Marc-Andre Fleury without a rebound.
2:21 of 1st period - Robert Thomas wins face-off versus Artturi Lehkonen in Riots zone.
2:32 of 1st period - Shot by John Marino.
2:32 of 1st period - Stopped by Marc-Andre Fleury with a rebound.
2:34 of 1st period - Shot by Robert Thomas.
2:34 of 1st period - Stopped by Marc-Andre Fleury without a rebound.
2:35 of 1st period - Velyki Hospador wins face-off versus Lawson Crouse in Riots zone.
2:52 of 1st period - Shot by Lucas Raymond.
2:52 of 1st period - Stopped by Marc-Andre Fleury with a rebound.
4:55 of 1st period - Seth Jones is hit by Timothy Liljegren and loses puck.
5:30 of 1st period - Shot by Kirby Dach.
5:30 of 1st period - Shot Misses the Net.
5:35 of 1st period - Off-side.
5:36 of 1st period - Velyki Hospador wins face-off versus Robert Thomas in neutral zone.
6:03 of 1st period - Shot by Brandon Hagel.
6:03 of 1st period - Stopped by Logan Thompson without a rebound.
6:04 of 1st period - Radek Faksa wins face-off versus Kirby Dach in Warheads zone.
6:11 of 1st period - Shot by Cam Fowler.
6:11 of 1st period - Stopped by Marc-Andre Fleury with a rebound.
6:23 of 1st period - Shot by Radek Faksa.
6:23 of 1st period - Shot Misses the Net.
6:26 of 1st period - Icing by Seth Jones.
6:27 of 1st period - Nicolas Roy wins face-off versus Kirby Dach in Riots zone.
6:32 of 1st period - Shot by Brock Knuckledunker.
6:32 of 1st period - Shot Misses the Net.
6:52 of 1st period - Shot by Anders Lee.
6:52 of 1st period - Stopped by Logan Thompson with a rebound.
7:11 of 1st period - Robert Thomas is hit by Derek Forbort and loses puck.
7:20 of 1st period - Shot by Lucas Raymond.
7:20 of 1st period - Deflect By Robert Thomas.
7:20 of 1st period - Goal by Robert Thomas - Warheads : 1 - Riots : 0.
7:21 of 1st period - Radek Faksa wins face-off versus Andreas Athanasiou in neutral zone.
7:33 of 1st period - Mitchell Marner is hit by Rasmus Ristolainen and loses puck.
8:04 of 1st period - Shot by Lawson Crouse.
8:04 of 1st period - Stopped by Marc-Andre Fleury without a rebound.
8:05 of 1st period - Velyki Hospador wins face-off versus Robert Thomas in Riots zone.
8:05 of 1st period - Velyki Hospador is hit by Lucas Raymond.
8:14 of 1st period - Shot by Lucas Raymond.
8:14 of 1st period - Shot Misses the Net.
8:16 of 1st period - Shot by Jeremy Lauzon.
8:16 of 1st period - Stopped by Marc-Andre Fleury with a rebound.
8:18 of 1st period - Shot by Jake Walman.
8:18 of 1st period - Shot Misses the Net.
8:20 of 1st period - Shot by Lucas Raymond.
8:20 of 1st period - Stopped by Marc-Andre Fleury with a rebound.
8:22 of 1st period - Shot by Jake Walman.
8:22 of 1st period - Shot Blocked by Brandon Hagel.
9:27 of 1st period - Shot by Brock Knuckledunker.
9:27 of 1st period - Shot Blocked by Seth Jones.
9:39 of 1st period - Shot by Nicolas Roy.
9:39 of 1st period - Shot Misses the Net.
9:55 of 1st period - Shot by Radek Faksa.
9:55 of 1st period - Deflect By Mitchell Marner.
9:55 of 1st period - Stopped by Marc-Andre Fleury without a rebound.
9:56 of 1st period - Jeff Carter wins face-off versus Jean-Gabriel Pageau in Riots zone.
10:00 of 1st period - Andrew Copp is hit by Rasmus Ristolainen and loses puck.
10:17 of 1st period - Shot by Max Pacioretty.
10:17 of 1st period - Shot Blocked by Cam Fowler.
10:19 of 1st period - Shot by Jean-Gabriel Pageau.
10:19 of 1st period - Stopped by Logan Thompson with a rebound.
10:44 of 1st period - Shot by Velyki Hospador.
10:44 of 1st period - Shot Blocked by Damon Severson.
10:46 of 1st period - Shot by Velyki Hospador.
10:46 of 1st period - Stopped by Logan Thompson without a rebound.
10:47 of 1st period - Nicolas Roy wins face-off versus Velyki Hospador in Warheads zone.
11:25 of 1st period - John Marino is hit by Brandon Hagel and loses puck.
11:29 of 1st period - Icing by Timothy Liljegren.
11:30 of 1st period - Jean-Gabriel Pageau wins face-off versus Nicolas Roy in Warheads zone.
11:37 of 1st period - John Marino is hit by Jean-Gabriel Pageau and loses puck.
11:45 of 1st period - Off-side.
11:46 of 1st period - Kirby Dach wins face-off versus Mitchell Marner in neutral zone.
12:14 of 1st period - Shot by Radek Faksa.
12:14 of 1st period - Shot Misses the Net.
12:16 of 1st period - Shot by Mitchell Marner.
12:16 of 1st period - Shot Misses the Net.
12:32 of 1st period - Icing by Rasmus Ristolainen.
12:33 of 1st period - Robert Thomas wins face-off versus Kirby Dach in Riots zone.
12:33 of 1st period - Lucas Raymond is hit by Rasmus Ristolainen and loses puck.
13:20 of 1st period - Shot by Brock Knuckledunker.
13:20 of 1st period - Stopped by Marc-Andre Fleury without a rebound.
13:21 of 1st period - Jean-Gabriel Pageau wins face-off versus Nicolas Roy in Riots zone.
13:21 of 1st period - Jean-Gabriel Pageau is hit by Brock Knuckledunker.
13:50 of 1st period - Minor Penalty to Max Pacioretty for Holding.
13:51 of 1st period - Jean-Gabriel Pageau wins face-off versus Robert Thomas in Riots zone.
14:27 of 1st period - Icing by Jack McBain.
14:28 of 1st period - Jean-Gabriel Pageau wins face-off versus Robert Thomas in Warheads zone.
15:10 of 1st period - Icing by Nicolas Roy.
15:11 of 1st period - Velyki Hospador wins face-off versus Nicolas Roy in Warheads zone.
15:28 of 1st period - Shot by Lucas Raymond.
15:28 of 1st period - Stopped by Marc-Andre Fleury without a rebound.
15:29 of 1st period - Robert Thomas wins face-off versus Velyki Hospador in Riots zone.
15:30 of 1st period - Shot by Cam Fowler.
15:30 of 1st period - Shot Misses the Net.
15:55 of 1st period - Minor Penalty to Jeremy Lauzon for Interference.
15:56 of 1st period - Velyki Hospador wins face-off versus Mitchell Marner in Warheads zone.
16:00 of 1st period - Velyki Hospador is hit by Timothy Liljegren and loses puck.
16:05 of 1st period - Shot by Velyki Hospador.
16:05 of 1st period - Shot Misses the Net.
16:09 of 1st period - Shot by Jakob Chychrun.
16:09 of 1st period - Shot Misses the Net.
16:11 of 1st period - Shot by Seth Jones.
16:11 of 1st period - Shot Blocked by Timothy Liljegren.
16:13 of 1st period - Shot by Seth Jones.
16:13 of 1st period - Shot Misses the Net.
16:15 of 1st period - Shot by Jakob Chychrun.
16:15 of 1st period - Stopped by Logan Thompson without a rebound.
16:16 of 1st period - Mitchell Marner wins face-off versus Velyki Hospador in Warheads zone.
17:18 of 1st period - Shot by Seth Jones.
17:18 of 1st period - Stopped by Logan Thompson without a rebound.
17:19 of 1st period - Robert Thomas wins face-off versus Velyki Hospador in Warheads zone.
17:38 of 1st period - Shot by Jakob Chychrun.
17:38 of 1st period - Deflect By Velyki Hospador.
17:38 of 1st period - Shot Misses the Net.
17:40 of 1st period - Shot by Velyki Hospador.
17:40 of 1st period - Stopped by Logan Thompson without a rebound.
17:41 of 1st period - Jean-Gabriel Pageau wins face-off versus Mitchell Marner in Warheads zone.
18:16 of 1st period - Shot by Robert Thomas.
18:16 of 1st period - Stopped by Marc-Andre Fleury with a rebound.
18:28 of 1st period - Shot by Lawson Crouse.
18:28 of 1st period - Shot Misses the Net.
18:54 of 1st period - Shot by Kirby Dach.
18:54 of 1st period - Stopped by Logan Thompson without a rebound.
18:55 of 1st period - Kirby Dach wins face-off versus Jeff Carter in Warheads zone.
19:14 of 1st period - Icing by Damon Severson.
19:15 of 1st period - Velyki Hospador wins face-off versus Jeff Carter in Warheads zone.
19:16 of 1st period - Shot by Brandon Hagel.
19:16 of 1st period - Shot Blocked by Jeremy Lauzon.
19:21 of 1st period - Icing by Mitchell Marner.
19:22 of 1st period - Jeff Carter wins face-off versus Velyki Hospador in Warheads zone.
19:22 of 1st period - Jeff Carter is hit by Velyki Hospador.
19:31 of 1st period - Jakob Chychrun is hit by Mitchell Marner and loses puck.
19:44 of 1st period - Shot by Mitchell Marner.
19:44 of 1st period - Stopped by Marc-Andre Fleury with a rebound.
Goals for this period are 1 for Warheads vs 0 for Riots.
Shots for this period are 14 for Warheads vs 8 for Riots.

2nd period


0:01 of 2nd period - Velyki Hospador wins face-off versus Jack McBain in neutral zone.
0:04 of 2nd period - Shot by Brandon Hagel.
0:04 of 2nd period - Shot Misses the Net.
0:13 of 2nd period - Icing by John Marino.
0:14 of 2nd period - Jean-Gabriel Pageau wins face-off versus Radek Faksa in Warheads zone.
0:25 of 2nd period - Shot by Andreas Athanasiou.
0:25 of 2nd period - Stopped by Logan Thompson without a rebound.
0:26 of 2nd period - Velyki Hospador wins face-off versus Nicolas Roy in Warheads zone.
0:42 of 2nd period - Shot by Cole Caufield.
0:42 of 2nd period - Goal by Cole Caufield - Warheads : 1 - Riots : 1.
0:43 of 2nd period - Jean-Gabriel Pageau wins face-off versus Radek Faksa in neutral zone.
1:06 of 2nd period - John Marino is hit by Brayden McNabb and loses puck.
1:57 of 2nd period - Mitchell Marner is hit by Velyki Hospador and loses puck.
2:08 of 2nd period - Shot by Brandon Hagel.
2:08 of 2nd period - Shot Blocked by Timothy Liljegren.
2:27 of 2nd period - Shot by Anders Lee.
2:27 of 2nd period - Shot Blocked by Mitchell Marner.
2:43 of 2nd period - Shot by Anders Lee.
2:43 of 2nd period - Shot Misses the Net.
2:45 of 2nd period - Shot by Artturi Lehkonen.
2:45 of 2nd period - Shot Blocked by Jack McBain.
2:53 of 2nd period - Shot by Kirby Dach.
2:53 of 2nd period - Shot Misses the Net.
2:55 of 2nd period - Shot by Anders Lee.
2:55 of 2nd period - Stopped by Logan Thompson without a rebound.
2:56 of 2nd period - Jean-Gabriel Pageau wins face-off versus Robert Thomas in Warheads zone.
3:09 of 2nd period - Shot by Lucas Raymond.
3:09 of 2nd period - Shot Misses the Net.
3:11 of 2nd period - Shot by Lucas Raymond.
3:11 of 2nd period - Stopped by Marc-Andre Fleury with a rebound.
3:13 of 2nd period - Shot by Jake Walman.
3:13 of 2nd period - Stopped by Marc-Andre Fleury with a rebound.
3:15 of 2nd period - Shot by Jeremy Lauzon.
3:15 of 2nd period - Shot Misses the Net.
3:27 of 2nd period - Shot by Robert Thomas.
3:27 of 2nd period - Shot Blocked by Brayden McNabb.
3:35 of 2nd period - Shot by Lucas Raymond.
3:35 of 2nd period - Deflect By Robert Thomas.
3:35 of 2nd period - Shot Blocked by Jean-Gabriel Pageau.
4:16 of 2nd period - Shot by Cam Fowler.
4:16 of 2nd period - Stopped by Marc-Andre Fleury without a rebound.
4:17 of 2nd period - Lars Eller wins face-off versus Robert Thomas in Riots zone.
4:17 of 2nd period - Lars Eller is hit by Lawson Crouse.
4:27 of 2nd period - Shot by Velyki Hospador.
4:27 of 2nd period - Shot Blocked by Jeremy Lauzon.
4:29 of 2nd period - Shot by Lars Eller.
4:29 of 2nd period - Deflect By Brendan Gallagher.
4:29 of 2nd period - Shot Misses the Net.
4:31 of 2nd period - Shot by Lars Eller.
4:31 of 2nd period - Stopped by Logan Thompson without a rebound.
4:32 of 2nd period - Nicolas Roy wins face-off versus Anders Lee in Warheads zone.
4:34 of 2nd period - Icing by Brock Knuckledunker.
4:35 of 2nd period - Nicolas Roy wins face-off versus Velyki Hospador in Warheads zone.
4:57 of 2nd period - Shot by Velyki Hospador.
4:57 of 2nd period - Shot Misses the Net.
4:59 of 2nd period - Shot by Brandon Hagel.
4:59 of 2nd period - Stopped by Logan Thompson without a rebound.
5:00 of 2nd period - Lawson Crouse wins face-off versus Kirby Dach in Warheads zone.
5:15 of 2nd period - Shot by Lawson Crouse.
5:15 of 2nd period - Shot Blocked by Rasmus Ristolainen.
5:35 of 2nd period - Shot by Anders Lee.
5:35 of 2nd period - Goal by Anders Lee - Warheads : 1 - Riots : 2.
5:36 of 2nd period - Jeff Carter wins face-off versus Velyki Hospador in neutral zone.
5:36 of 2nd period - Jeff Carter is hit by Velyki Hospador.
5:37 of 2nd period - Minor Penalty to Velyki Hospador for Charging.
5:38 of 2nd period - Robert Thomas wins face-off versus Jean-Gabriel Pageau in Riots zone.
6:33 of 2nd period - Shot by Lucas Raymond.
6:33 of 2nd period - Stopped by Marc-Andre Fleury without a rebound.
6:34 of 2nd period - Robert Thomas wins face-off versus Jean-Gabriel Pageau in Riots zone.
6:35 of 2nd period - Shot by Lucas Raymond.
6:35 of 2nd period - Stopped by Marc-Andre Fleury without a rebound.
6:36 of 2nd period - Jean-Gabriel Pageau wins face-off versus Lawson Crouse in Riots zone.
6:59 of 2nd period - Icing by Jeremy Lauzon.
7:00 of 2nd period - Robert Thomas wins face-off versus Artturi Lehkonen in Warheads zone.
7:31 of 2nd period - Shot by Mitchell Marner.
7:31 of 2nd period - Shot Misses the Net.
7:33 of 2nd period - Shot by Jack McBain.
7:33 of 2nd period - Shot Misses the Net.
7:38 of 2nd period - Mitchell Marner is hit by Brayden McNabb and loses puck.
8:47 of 2nd period - Off-side.
8:48 of 2nd period - Jean-Gabriel Pageau wins face-off versus Nicolas Roy in neutral zone.
8:48 of 2nd period - Seth Jones is hit by Brock Knuckledunker and loses puck.
9:16 of 2nd period - Minor Penalty to Cam Fowler for Roughing.
9:17 of 2nd period - Robert Thomas wins face-off versus Velyki Hospador in Warheads zone.
9:44 of 2nd period - Shot by Cole Caufield.
9:44 of 2nd period - Shot Misses the Net.
9:46 of 2nd period - Shot by Seth Jones.
9:46 of 2nd period - Stopped by Logan Thompson with a rebound.
9:48 of 2nd period - Shot by Cole Caufield.
9:48 of 2nd period - Stopped by Logan Thompson without a rebound.
9:49 of 2nd period - Velyki Hospador wins face-off versus Mitchell Marner in Warheads zone.
10:00 of 2nd period - Shot by Rasmus Ristolainen.
10:00 of 2nd period - Shot Misses the Net.
10:02 of 2nd period - Shot by Velyki Hospador.
10:02 of 2nd period - Shot Misses the Net.
10:08 of 2nd period - Shot by Velyki Hospador.
10:08 of 2nd period - Shot Misses the Net.
10:10 of 2nd period - Shot by Brandon Hagel.
10:10 of 2nd period - Stopped by Logan Thompson without a rebound.
10:11 of 2nd period - Jean-Gabriel Pageau wins face-off versus Robert Thomas in Warheads zone.
10:16 of 2nd period - Shot by Jakob Chychrun.
10:16 of 2nd period - Stopped by Logan Thompson without a rebound.
10:17 of 2nd period - Velyki Hospador wins face-off versus Robert Thomas in Warheads zone.
10:20 of 2nd period - Shot by Noah Dobson.
10:20 of 2nd period - Shot Blocked by Timothy Liljegren.
11:41 of 2nd period - Shot by Max Pacioretty.
11:41 of 2nd period - Shot Blocked by Lukas Reichel.
12:22 of 2nd period - Minor Penalty to Cam Fowler for Slashing.
12:23 of 2nd period - Velyki Hospador wins face-off versus Robert Thomas in Warheads zone.
13:56 of 2nd period - Icing by Brandon Hagel.
13:57 of 2nd period - Brandon Hagel wins face-off versus Robert Thomas in Riots zone.
14:04 of 2nd period - Shot by Jack McBain.
14:04 of 2nd period - Stopped by Marc-Andre Fleury without a rebound.
14:05 of 2nd period - Jean-Gabriel Pageau wins face-off versus Jack McBain in Riots zone.
14:12 of 2nd period - Shot by Rasmus Ristolainen.
14:12 of 2nd period - Stopped by Logan Thompson with a rebound.
14:14 of 2nd period - Shot by Noah Dobson.
14:14 of 2nd period - Shot Misses the Net.
14:16 of 2nd period - Shot by Rasmus Ristolainen.
14:16 of 2nd period - Shot Misses the Net.
14:18 of 2nd period - Shot by Noah Dobson.
14:18 of 2nd period - Shot Blocked by Mitchell Marner.
14:20 of 2nd period - Shot by Cole Caufield.
14:20 of 2nd period - Shot Misses the Net.
14:22 of 2nd period - Shot by Noah Dobson.
14:22 of 2nd period - Stopped by Logan Thompson without a rebound.
14:23 of 2nd period - Jean-Gabriel Pageau wins face-off versus Robert Thomas in Warheads zone.
14:26 of 2nd period - Shot by Andreas Athanasiou.
14:26 of 2nd period - Shot Misses the Net.
14:28 of 2nd period - Shot by Jean-Gabriel Pageau.
14:28 of 2nd period - Shot Blocked by Jake Walman.
14:30 of 2nd period - Shot by Max Pacioretty.
14:30 of 2nd period - Stopped by Logan Thompson with a rebound.
15:33 of 2nd period - Shot by Rasmus Ristolainen.
15:33 of 2nd period - Stopped by Logan Thompson without a rebound.
15:34 of 2nd period - Andrew Copp wins face-off versus Anders Lee in Warheads zone.
15:47 of 2nd period - Shot by Andrew Copp.
15:47 of 2nd period - Stopped by Marc-Andre Fleury without a rebound.
15:48 of 2nd period - Nicolas Roy wins face-off versus Kirby Dach in Riots zone.
15:48 of 2nd period - Damon Severson is hit by Arber Xhekaj and loses puck.
15:50 of 2nd period - Minor Penalty to Arber Xhekaj for Roughing.
15:51 of 2nd period - Robert Thomas wins face-off versus Jean-Gabriel Pageau in Riots zone.
16:19 of 2nd period - Shot by Cam Fowler.
16:19 of 2nd period - Shot Blocked by Rasmus Ristolainen.
16:51 of 2nd period - Shot by Lawson Crouse.
16:51 of 2nd period - Deflect By Robert Thomas.
16:51 of 2nd period - Stopped by Marc-Andre Fleury with a rebound.
16:53 of 2nd period - Shot by Cam Fowler.
16:53 of 2nd period - Stopped by Marc-Andre Fleury without a rebound.
16:54 of 2nd period - Jean-Gabriel Pageau wins face-off versus Mitchell Marner in Riots zone.
17:11 of 2nd period - Shot by Lucas Raymond.
17:11 of 2nd period - Stopped by Marc-Andre Fleury without a rebound.
17:12 of 2nd period - Robert Thomas wins face-off versus Jean-Gabriel Pageau in Riots zone.
17:15 of 2nd period - Shot by Robert Thomas.
17:15 of 2nd period - Stopped by Marc-Andre Fleury without a rebound.
17:16 of 2nd period - Robert Thomas wins face-off versus Jean-Gabriel Pageau in Riots zone.
17:45 of 2nd period - Shot by Cam Fowler.
17:45 of 2nd period - Shot Blocked by Brayden McNabb.
18:23 of 2nd period - Shot by Brandon Hagel.
18:23 of 2nd period - Deflect By Velyki Hospador.
18:23 of 2nd period - Stopped by Logan Thompson with a rebound.
19:18 of 2nd period - Icing by Seth Jones.
19:19 of 2nd period - Robert Thomas wins face-off versus Anders Lee in Riots zone.
Goals for this period are 0 for Warheads vs 2 for Riots.
Shots for this period are 11 for Warheads vs 15 for Riots.

3rd period


0:01 of 3rd period - Velyki Hospador wins face-off versus Radek Faksa in neutral zone.
0:14 of 3rd period - Shot by Velyki Hospador.
0:14 of 3rd period - Shot Misses the Net.
0:16 of 3rd period - Shot by Brandon Hagel.
0:16 of 3rd period - Stopped by Logan Thompson with a rebound.
0:18 of 3rd period - Shot by Seth Jones.
0:18 of 3rd period - Stopped by Logan Thompson without a rebound.
0:19 of 3rd period - Kirby Dach wins face-off versus Robert Thomas in Warheads zone.
0:30 of 3rd period - Shot by Artturi Lehkonen.
0:30 of 3rd period - Shot Misses the Net.
0:39 of 3rd period - Minor Penalty to Jeremy Lauzon for Holding.
0:40 of 3rd period - Mitchell Marner wins face-off versus Anders Lee in Warheads zone.
1:14 of 3rd period - Icing by Jakob Chychrun.
1:15 of 3rd period - Velyki Hospador wins face-off versus Mitchell Marner in Riots zone.
1:53 of 3rd period - Artturi Lehkonen is hit by Timothy Liljegren and loses puck.
2:30 of 3rd period - Shot by Jakob Chychrun.
2:30 of 3rd period - Stopped by Logan Thompson with a rebound.
2:32 of 3rd period - Shot by Jean-Gabriel Pageau.
2:32 of 3rd period - Shot Misses the Net.
2:34 of 3rd period - Shot by Anders Lee.
2:34 of 3rd period - Shot Misses the Net.
2:36 of 3rd period - Shot by Jakob Chychrun.
2:36 of 3rd period - Shot Blocked by Mitchell Marner.
2:38 of 3rd period - Shot by Seth Jones.
2:38 of 3rd period - Shot Blocked by John Marino.
2:40 of 3rd period - Shot by Brayden McNabb.
2:40 of 3rd period - Stopped by Logan Thompson without a rebound.
2:41 of 3rd period - Jean-Gabriel Pageau wins face-off versus Robert Thomas in Warheads zone.
3:07 of 3rd period - Minor Penalty to Brayden McNabb for Tripping.
3:08 of 3rd period - Jean-Gabriel Pageau wins face-off versus Lucas Raymond in Riots zone.
3:35 of 3rd period - Shot by Robert Thomas.
3:35 of 3rd period - Shot Blocked by Velyki Hospador.
3:54 of 3rd period - Off-side.
3:55 of 3rd period - Kirby Dach wins face-off versus Robert Thomas in neutral zone.
4:14 of 3rd period - Shot by Cam Fowler.
4:14 of 3rd period - Stopped by Marc-Andre Fleury without a rebound.
4:15 of 3rd period - Nicolas Roy wins face-off versus Velyki Hospador in Riots zone.
4:42 of 3rd period - Shot by Brock Knuckledunker.
4:42 of 3rd period - Shot Misses the Net.
5:48 of 3rd period - Icing by Damon Severson.
5:49 of 3rd period - Jeff Carter wins face-off versus Kirby Dach in Warheads zone.
6:14 of 3rd period - Minor Penalty to Andrew Copp for Hooking.
6:15 of 3rd period - Velyki Hospador wins face-off versus Mitchell Marner in Warheads zone.
6:16 of 3rd period - Shot by Noah Dobson.
6:16 of 3rd period - Shot Misses the Net.
6:48 of 3rd period - Shot by Velyki Hospador.
6:48 of 3rd period - Shot Misses the Net.
7:16 of 3rd period - Shot by Seth Jones.
7:16 of 3rd period - Deflect By Artturi Lehkonen.
7:16 of 3rd period - Shot Blocked by Cam Fowler.
7:18 of 3rd period - Shot by Brandon Hagel.
7:18 of 3rd period - Stopped by Logan Thompson with a rebound.
7:20 of 3rd period - Shot by Jakob Chychrun.
7:20 of 3rd period - Stopped by Logan Thompson without a rebound.
7:21 of 3rd period - Velyki Hospador wins face-off versus Mitchell Marner in Warheads zone.
7:32 of 3rd period - Shot by Velyki Hospador.
7:32 of 3rd period - Goal by Velyki Hospador - Warheads : 1 - Riots : 3.
7:33 of 3rd period - Jean-Gabriel Pageau wins face-off versus Nicolas Roy in neutral zone.
7:48 of 3rd period - Lukas Reichel is hit by Noah Dobson and loses puck.
7:54 of 3rd period - Off-side.
7:55 of 3rd period - Jeff Carter wins face-off versus Velyki Hospador in neutral zone.
7:55 of 3rd period - Damon Severson is hit by Brendan Gallagher and loses puck.
7:59 of 3rd period - Minor Penalty to Jeff Carter for Hooking.
8:00 of 3rd period - Velyki Hospador wins face-off versus Mitchell Marner in Warheads zone.
8:21 of 3rd period - Shot by Anders Lee.
8:21 of 3rd period - Stopped by Logan Thompson without a rebound.
8:22 of 3rd period - Velyki Hospador wins face-off versus Mitchell Marner in Warheads zone.
8:25 of 3rd period - Shot by Brandon Hagel.
8:25 of 3rd period - Stopped by Logan Thompson without a rebound.
8:26 of 3rd period - Velyki Hospador wins face-off versus Mitchell Marner in Warheads zone.
9:29 of 3rd period - Shot by Rasmus Ristolainen.
9:29 of 3rd period - Shot Misses the Net.
9:31 of 3rd period - Shot by Rasmus Ristolainen.
9:31 of 3rd period - Goal by Rasmus Ristolainen - Warheads : 1 - Riots : 4.
9:32 of 3rd period - Jean-Gabriel Pageau wins face-off versus Robert Thomas in neutral zone.
9:32 of 3rd period - Max Pacioretty is hit by Lucas Raymond and loses puck.
9:57 of 3rd period - Shot by Max Pacioretty.
9:57 of 3rd period - Shot Misses the Net.
10:05 of 3rd period - Shot by Max Pacioretty.
10:05 of 3rd period - Shot Misses the Net.
10:29 of 3rd period - Shot by Artturi Lehkonen.
10:29 of 3rd period - Shot Misses the Net.
10:31 of 3rd period - Shot by Derek Forbort.
10:31 of 3rd period - Shot Blocked by Damon Severson.
10:33 of 3rd period - Shot by Anders Lee.
10:33 of 3rd period - Shot Blocked by Jeremy Lauzon.
10:35 of 3rd period - Shot by Seth Jones.
10:35 of 3rd period - Stopped by Logan Thompson without a rebound.
10:36 of 3rd period - Velyki Hospador wins face-off versus Nicolas Roy in Warheads zone.
10:45 of 3rd period - Shot by Velyki Hospador.
10:45 of 3rd period - Stopped by Logan Thompson without a rebound.
10:46 of 3rd period - Jeff Carter wins face-off versus Lars Eller in Warheads zone.
10:46 of 3rd period - Jeff Carter is hit by Lars Eller.
10:51 of 3rd period - Icing by Damon Severson.
10:52 of 3rd period - Jeff Carter wins face-off versus Velyki Hospador in Warheads zone.
11:06 of 3rd period - Shot by Mitchell Marner.
11:06 of 3rd period - Shot Misses the Net.
11:08 of 3rd period - Shot by Damon Severson.
11:08 of 3rd period - Stopped by Marc-Andre Fleury without a rebound.
11:09 of 3rd period - Robert Thomas wins face-off versus Artturi Lehkonen in Riots zone.
11:15 of 3rd period - Icing by Artturi Lehkonen.
11:16 of 3rd period - Radek Faksa wins face-off versus Kirby Dach in Riots zone.
11:21 of 3rd period - Shot by Jack McBain.
11:21 of 3rd period - Stopped by Marc-Andre Fleury without a rebound.
11:22 of 3rd period - Radek Faksa wins face-off versus Velyki Hospador in Riots zone.
12:35 of 3rd period - Shot by Jakob Chychrun.
12:35 of 3rd period - Stopped by Logan Thompson without a rebound.
12:36 of 3rd period - Jean-Gabriel Pageau wins face-off versus Robert Thomas in Warheads zone.
12:55 of 3rd period - Shot by Jean-Gabriel Pageau.
12:55 of 3rd period - Stopped by Logan Thompson without a rebound.
12:56 of 3rd period - Kirby Dach wins face-off versus Nicolas Roy in Warheads zone.
13:50 of 3rd period - Velyki Hospador is hit by Brock Knuckledunker.
13:51 of 3rd period - Icing by Velyki Hospador.
13:52 of 3rd period - Robert Thomas wins face-off versus Velyki Hospador in Riots zone.
14:17 of 3rd period - Shot by Velyki Hospador.
14:17 of 3rd period - Shot Misses the Net.
14:20 of 3rd period - Velyki Hospador is hit by John Marino and loses puck.
14:31 of 3rd period - Shot by Brandon Hagel.
14:31 of 3rd period - Stopped by Logan Thompson without a rebound.
14:32 of 3rd period - Jean-Gabriel Pageau wins face-off versus Radek Faksa in Warheads zone.
14:37 of 3rd period - Shot by Jean-Gabriel Pageau.
14:37 of 3rd period - Shot Misses the Net.
14:38 of 3rd period - Minor Penalty to Jean-Gabriel Pageau for Hooking.
14:39 of 3rd period - Mitchell Marner wins face-off versus Artturi Lehkonen in Riots zone.
14:52 of 3rd period - Shot by John Marino.
14:52 of 3rd period - Stopped by Marc-Andre Fleury with a rebound.
15:36 of 3rd period - Shot by Lawson Crouse.
15:36 of 3rd period - Shot Misses the Net.
16:16 of 3rd period - Shot by Jake Walman.
16:16 of 3rd period - Stopped by Marc-Andre Fleury without a rebound.
16:17 of 3rd period - Brock Knuckledunker wins face-off versus Kirby Dach in Riots zone.
17:22 of 3rd period - Shot by Mitchell Marner.
17:22 of 3rd period - Stopped by Marc-Andre Fleury with a rebound.
17:24 of 3rd period - Shot by Timothy Liljegren.
17:24 of 3rd period - Stopped by Marc-Andre Fleury without a rebound.
17:25 of 3rd period - Robert Thomas wins face-off versus Lars Eller in Riots zone.
17:27 of 3rd period - Lawson Crouse is hit by Arber Xhekaj and loses puck.
17:58 of 3rd period - Shot by Velyki Hospador.
17:58 of 3rd period - Stopped by Logan Thompson with a rebound.
18:27 of 3rd period - Robert Thomas is hit by Jakob Chychrun and loses puck.
18:37 of 3rd period - Off-side.
18:38 of 3rd period - Radek Faksa wins face-off versus Jean-Gabriel Pageau in neutral zone.
18:46 of 3rd period - Mitchell Marner is hit by Rasmus Ristolainen and loses puck.
19:55 of 3rd period - Shot by Lukas Reichel.
19:55 of 3rd period - Shot Misses the Net.
Goals for this period are 0 for Warheads vs 2 for Riots.
Shots for this period are 7 for Warheads vs 16 for Riots.